 Dungeon Crawl Stone Soup version 0.30-a0-169-g06f667207d (webtiles) character file.

Game seed: 938872951530926685

2204 qw the Cleaver (level 9, -13/57 HPs)
             Began as a Gargoyle Fighter on Sept 30, 2022.
             Mangled by an ogre
             ... wielding a +0 giant club
              (21 damage)
             ... on level 6 of the Dungeon.
             The game lasted 00:02:11 (5422 turns).

qw the Cleaver (Gargoyle Fighter)                   Turns: 5422, Time: 00:02:12

Health: -13/57     AC: 17    Str: 24    XL:     9   Next: 34%
Magic:  8/8        EV:  8    Int:  7    God:
Gold:   300        SH:  9    Dex:  9    Spells: 8/8 levels left

rFire   . . .      SeeInvis .    Y - +0 war axe
rCold   + . .      Faith    .    c - +0 buckler
rNeg    + . .      Spirit   .    s - +0 chain mail
rPois   inf        Reflect  +    (helmet restricted)
rElec   +          Harm     .    (no cloak)
rCorr   .          Rampage  .    (no gloves)
Will    .....                    r - +0 pair of boots
Stlth   ..........               m - amulet of reflection
HPRegen 0.19/turn                l - ring of protection from cold
MPRegen 0.11/turn                (no ring)

@: no status effects
A: sickness immunity, AC +6, negative energy resistance 1, electricity
resistance, torment resistance 1, petrification resistance, horns 1, dopey 1,
low MP 1
a: no special abilities


You were on level 6 of the Dungeon.
You visited 2 branches of the dungeon, and saw 7 of its levels.

You collected 318 gold pieces.
You spent 18 gold pieces at shops.


Innate Abilities, Weirdness & Mutations

You are immune to sickness and miasma.
Your stone body is resilient. (AC +6)
You are immune to poison.
You resist negative energy. (rN+)
You are resistant to electric shocks. (rElec)
You are resistant to unholy torment.
You are immune to petrification.
You have a pair of small horns on your head.
You are dopey. (Int -2)
Your magical capacity is low. (-10% MP)


   Skills:
 - Level 7.0 Fighting
 + Level 9.0 Axes
 - Level 1.3 Throwing
 - Level 4.2 Armour
 - Level 2.1 Dodging
 - Level 4.1 Shields


You had 8 spell levels left.
You didn't know any spells.
Your spell library was empty.

Inventory:

Hand Weapons
 i - a +2 whip of venom
 Y - a +0 war axe (weapon)
Missiles
 h - 5 boomerangs (quivered)
Armour
 c - a +0 buckler (worn)
 r - a +0 pair of boots (worn)
 s - a +0 chain mail (worn)
Jewellery
 l - a ring of protection from cold (left hand)
 m - an amulet of reflection (around neck)
Scrolls
 b - 2 scrolls of brand weapon {unknown}
 g - a scroll of acquirement {unknown}
 v - a scroll of vulnerability {unknown}
Potions
 d - 8 potions of might
 f - 3 potions of attraction
 j - 3 potions of cancellation
 k - a potion of haste
 n - 3 potions of curing
 o - a potion of ambrosia {unknown}
 p - 2 potions of mutation
 q - a potion of degeneration {unknown}
 t - a potion of brilliance {unknown}
 u - a potion of lignification {unknown}

Dungeon Overview and Level Annotations

Branches:
Dungeon (6/15)             Temple (1/1) D:4

Altars:
Ashenzari
Cheibriados
Dithmenos
Elyvilon
Fedhas
Gozag
Hepliaklqana
Kikubaaqudgha
Makhleb
Nemelex Xobeh
Qazlal
Ru
Sif Muna
Trog
Uskayaw
Vehumet
Xom
Zin

Shops:
D:2 *


Message History

You closely miss the gnoll sergeant. The hound closely misses you.
You block the gnoll sergeant's attack.
You closely miss the hound.
The hound is almost dead.
You slash the hound!
You hit the gnoll sergeant but do no damage.
You block the hound's attack. x2; The hound barely misses you.
The hound bites you but does no damage.
The gnoll sergeant hits you but does no damage.
You slash the hound!
You kill the hound!
You hit the hound.
You kill the hound!
You hit the gnoll sergeant. You block the gnoll sergeant's attack.
An orc priest comes into view. It is wielding a +0 short sword.
Your Fighting skill increases to level 7!
You hit the gnoll sergeant.
The gnoll sergeant is almost dead.
You barely miss the ogre.
The gnoll sergeant hits you with a +3 vorpal spear.
You block the ogre's attack.
You closely miss the gnoll sergeant.
You headbutt the gnoll sergeant, but do no damage.
The gnoll sergeant is almost dead.
You hit the ogre.
The gnoll sergeant hits you with a +3 vorpal spear!
The orc hits you with a +0 club.
You closely miss the gnoll sergeant.
The gnoll sergeant is almost dead.
You hit the ogre. You barely miss the orc. You block the ogre's attack.
You block the gnoll sergeant's attack. The orc hits you but does no damage.
You closely miss the gnoll sergeant.
Your headbutt misses the gnoll sergeant.
The gnoll sergeant is almost dead.
You closely miss the orc. You slash the ogre!
The gnoll sergeant hits you but does no damage.
The ogre hits you with a +0 giant club!!
You die...

#.....# #..........# .
#.....# #.....##'### ..
#.....# #.....#....# ..
#.....# #.....#....#
#.....# #.....#....#
#.....# #.....#....#
#.....# #....>######
#.....# #.....#
##.....# #..%@)#
.%.....# #..gOo#
.......# #.....#
....)..# ........
...P................
..~~~~~~~~~~~~~~~~~~~
..~~~~~~~~~~~~~~~~~~~.
..~~#####~~~~~~~o~O~~..
..~~# ..


You could see 2 ogres, a gnoll sergeant, an orc priest and an orc.

Vanquished Creatures
  Sigmund (D:5)
  Eustachio (D:6)
  Menkaure (D:4)
  A centaur (D:5)
  An ice beast (D:6)
  3 ogres
  3 scorpions
  5 wights (D:6)
  7 howler monkeys (D:6)
  2 orc priests (D:6)
  9 hounds
  3 iguanas
  An orc wizard (D:6)
  8 adders
  2 gnolls
  2 ufetubi
  2 worms
  3 dart slugs
  15 orcs
  13 endoplasms
  3 giant cockroaches
  10 goblins
  6 hobgoblins
  8 jackals
  5 quokkas
  9 ball pythons
  4 bats (D:1)
  5 frilled lizards
  11 kobolds
  5 rats
149 creatures vanquished.

Vanquished Creatures (others)
  5 plants (D:6)
5 creatures vanquished.

Grand Total: 154 creatures vanquished

Notes
Turn   | Place    | Note
-------+----------+-------------------------------------------
     0 | D:1      | qw the Gargoyle Fighter began the quest for the Orb.
     0 | D:1      | Reached XP level 1. HP: 14/14 MP: 1/1
     0 | D:1      | 0 ||| qw: Version: 0.2-a-12-gaebbb33
     0 | D:1      | 0 ||| qw: Game counter: 1421
     0 | D:1      | 0 ||| qw: Always use a shield: true
     0 | D:1      | 0 ||| qw: God list: Okawaru
     0 | D:1      | 0 ||| qw: Allow faded altars: false
     0 | D:1      | 0 ||| qw: Do Orc after D:15 true
     0 | D:1      | 0 ||| qw: Do second Lair branch before Depths: true
     0 | D:1      | 0 ||| qw: Lair rune preference: random
     0 | D:1      | 0 ||| qw: Plans: Normal, Zot:1-4, God:TSO, Crypt, Tomb,
                  | Pan, Slime:5, Hells, Abyss, Orb
     0 | D:1      | 0 ||| PLANNING D:1-11
    15 | D:1      | Reached skill level 2 in Axes
    15 | D:1      | Reached XP level 2. HP: 19/19 MP: 2/2
   340 | D:1      | 340 ||| Stepping ~*~*~tactically~*~*~ (stealth).
   348 | D:1      | Reached skill level 3 in Axes
   351 | D:1      | Reached XP level 3. HP: 23/23 MP: 3/3
   357 | D:1      | 357 ||| Stepping ~*~*~tactically~*~*~ (stealth).
   407 | D:1      | 407 ||| Stepping ~*~*~tactically~*~*~ (stealth).
   415 | D:1      | 415 ||| Stepping ~*~*~tactically~*~*~ (stealth).
   453 | D:1      | 453 ||| Stepping ~*~*~tactically~*~*~ (stealth).
   526 | D:1      | 526 ||| Stepping ~*~*~tactically~*~*~ (stealth).
   646 | D:1      | 646 ||| Stepping ~*~*~tactically~*~*~ (hiding).
   714 | D:1      | Found a faded altar of an unknown god.
   867 | D:1      | 867 ||| READING 2 scrolls labelled YROMOCSOTILL.
   870 | D:1      | 870 ||| READING scroll labelled WECAGE HAOKLURCH.
   871 | D:1      | 871 ||| DRINKING 2 bubbling clear potions.
   924 | D:2      | 924 ||| Stepping ~*~*~tactically~*~*~ (stealth).
   926 | D:2      | 926 ||| Stepping ~*~*~tactically~*~*~ (stealth).
   944 | D:2      | Found Ephuss's Assorted Antiques.
  1017 | D:2      | 1017 ||| SHOPLISTING 2 sedimented golden potions (36 gold,
                  | have 22).
  1017 | D:2      | 1017 ||| BUYING bubbling sapphire potion (18 gold).
  1017 | D:2      | Bought a bubbling sapphire potion for 18 gold pieces
  1017 | D:2      | 1017 ||| SHOPLISTING pair of gloves (90 gold, have 4).
  1017 | D:2      | 1017 ||| SHOPLISTING plate armour (460 gold, have 4).
  1017 | D:2      | 1017 ||| SHOPLISTING scroll labelled IDDIUTR JATEAMIU (20
                  | gold, have 4).
  1017 | D:2      | 1017 ||| SHOPLISTING viscous ruby potion (18 gold, have 4).
  1203 | D:2      | Reached XP level 4. HP: 28/28 MP: 4/4
  1320 | D:2      | Reached skill level 4 in Axes
  1410 | D:2      | 1410 ||| Stepping ~*~*~tactically~*~*~ (stealth).
  1411 | D:2      | 1411 ||| Stepping ~*~*~tactically~*~*~ (stealth).
  1464 | D:2      | 1464 ||| Stepping ~*~*~tactically~*~*~ (stealth).
  1465 | D:2      | 1465 ||| Stepping ~*~*~tactically~*~*~ (stealth).
  1655 | D:2      | 1655 ||| DROPPING amulet of faith.
  1656 | D:2      | 1656 ||| UPGRADING to amulet of reflection.
  1661 | D:2      | 1661 ||| UPGRADING to ring of protection from cold.
  1716 | D:3      | 1716 ||| FLEEEEING.
  1717 | D:3      | 1717 ||| FLEEEEING.
  1718 | D:3      | 1718 ||| FLEEEEING.
  1719 | D:3      | 1719 ||| FLEEEEING.
  1720 | D:3      | 1720 ||| FLEEEEING.
  1721 | D:3      | 1721 ||| STAIRDANCE
  1948 | D:3      | 1948 ||| DROPPING +0 whip.
  2059 | D:3      | Reached XP level 5. HP: 32/32 MP: 5/5
  2529 | D:3      | Found a stormy altar of Qazlal.
  2534 | D:3      | Found a burning altar of Makhleb.
  2653 | D:3      | 2653 ||| READING scroll labelled RYSYGY OTUSMAO.
  2654 | D:3      | 2654 ||| READING scroll labelled LOKLEBROAF.
  2655 | D:3      | 2655 ||| DRINKING 2 murky amethyst potions.
  2656 | D:3      | 2656 ||| DRINKING 3 smoky black potions.
  2717 | D:4      | Reached skill level 5 in Axes
  2858 | D:4      | 2858 ||| Stepping ~*~*~tactically~*~*~ (stealth).
  2889 | D:4      | 2889 ||| Stepping ~*~*~tactically~*~*~ (stealth).
  2891 | D:4      | 2891 ||| Stepping ~*~*~tactically~*~*~ (stealth).
  2965 | D:4      | Found a staircase to the Ecumenical Temple.
  2966 | D:4      | 2966 ||| PLANNING TEMPLE
  2966 | D:4      | 2966 ||| DRINKING 3 bubbling sapphire potions.
  2967 | D:4      | 2967 ||| DRINKING 2 sedimented golden potions.
  2968 | D:4      | 2968 ||| DRINKING 2 fizzy orange potions.
  2968 | D:4      | Gained mutation: Your magical capacity is low. (-10% MP)
                  | [potion of mutation]
  2968 | D:4      | Gained mutation: You are dopey. (Int -2) [potion of
                  | mutation]
  2968 | D:4      | Gained mutation: You have a pair of small horns on your
                  | head. [potion of mutation]
  2969 | D:4      | 2969 ||| DROPPING 2 potions of flight.
  2977 | Temple   | Entered the Ecumenical Temple
  3088 | Temple   | 3088 ||| PLANNING D:1-11
  3239 | D:4      | Noticed an ogre
  3247 | D:4      | Killed an ogre
  3248 | D:4      | Reached XP level 6. HP: 20/39 MP: 5/5
  3429 | D:4      | Noticed Menkaure
  3440 | D:4      | Killed Menkaure
  3645 | D:4      | You fall into a shaft and drop 2 floors!
  3649 | D:6      | Noticed Eustachio
  3655 | D:6      | Killed Eustachio
  3656 | D:6      | Reached XP level 7. HP: 40/44 MP: 6/6
  3711 | D:6      | Reached skill level 6 in Axes
  3717 | D:6      | 3717 ||| UPGRADING to +0 pair of boots.
  3722 | D:6      | 3722 ||| READING scroll labelled MIGRUI CANTU.
  3723 | D:6      | 3723 ||| DRINKING 2 red potions.
  3728 | D:6      | Found a broken altar of Ashenzari.
  3731 | D:5      | Entered Level 5 of the Dungeon
  3755 | D:5      | 3755 ||| FLEEEEING.
  3756 | D:5      | 3756 ||| STAIRDANCE
  3980 | D:5      | Reached skill level 7 in Axes
  3980 | D:5      | Reached XP level 8. HP: 31/48 MP: 7/7
  4411 | D:5      | Noticed Sigmund
  4417 | D:5      | Reached skill level 1 in Throwing
  4433 | D:5      | 4433 ||| Stepping ~*~*~tactically~*~*~ (stealth).
  4477 | D:5      | 4477 ||| Stepping ~*~*~tactically~*~*~ (stealth).
  4483 | D:5      | Killed Sigmund
  4484 | D:5      | Reached skill level 8 in Axes
  4721 | D:5      | 4721 ||| UPGRADING to +0 chain mail.
  4731 | D:5      | 4731 ||| DROPPING +0 scale mail.
  4732 | D:5      | 4732 ||| READING scroll labelled UFEOL QISARGH.
  4733 | D:5      | 4733 ||| READING scroll labelled SEMUT ALEOTUASISCH.
  4904 | D:6      | Reached skill level 6 in Fighting
  5000 | D:6      | Reached XP level 9. HP: 51/55 MP: 8/8
  5015 | D:6      | Reached skill level 9 in Axes
  5015 | D:6      | 5015 ||| FLEEEEING.
  5016 | D:6      | 5016 ||| FLEEEEING.
  5017 | D:6      | 5017 ||| FLEEEEING.
  5018 | D:6      | 5018 ||| FLEEEEING.
  5019 | D:6      | 5019 ||| FLEEEEING.
  5262 | D:6      | HP: 13/56 [orc warrior/+0 battleaxe (6)]
  5263 | D:6      | 5263 ||| READING scroll of teleportation.
  5264 | D:6      | 5264 ||| DRINKING 2 potions of heal wounds.
  5381 | D:6      | Found a glowing silver altar of Zin.
  5414 | D:6      | HP: 11/56 [gnoll sergeant/+3 vorpal spear (5)]
  5415 | D:6      | 5415 ||| DRINKING potion of heal wounds.
  5420 | D:6      | HP: 12/57 [gnoll sergeant/+3 vorpal spear (3)]
  5422 | D:6      | Mangled by an ogre

Levels and vault maps discovered:
D:1:      wander_arrival_lonely_grave, layout_loops_ring,
          ebering_ecumenical_altar_webs
D:2:      layout_loops_ring, serial_shops, shop
D:3:      layout_basic, mainiacjoe_overflow_big_doors
D:4:      layout_loops_ring, minmay_temple_entry_drinking_statues, uniq_menkaure
D:5:      minmay_recursive_quarters, layout_rooms, uniq_sigmund
D:6:      lemuel_castle_with_subvaults [lemuel_castle_interior_original],
          layout_gridville, mainiacjoe_overflow_cross_hatched, zin_statuary,
          uniq_eustachio
Temple:   nicolae_temple_two_arcs

Skill      XL: |  1  2  3  4  5  6  7  8  9 |
---------------+----------------------------+-----
Axes           | 2 3 4 5 7 8 9 |  9.0
Fighting       | 4 6 7 |  7.0
Dodging        | 2 |  2.1
Throwing       | 1 |  1.3
Armour         | 4 |  4.2
Shields        | 4 |  4.1

Action                   |  1- 3 |  4- 6 |  7- 9 || total
-------------------------+-------+-------+-------++-------
Melee: War axe           |   123 |   193 |   152 ||   468
       Headbutt          |       |     3 |    34 ||    37
Throw: Boomerang         |    24 |    65 |    52 ||   141
  Use: Scroll            |     2 |     2 |     4 ||     8
       Potion            |     1 |     5 |     3 ||     9
Armor: Scale mail        |    59 |    78 |    22 ||   159
       Chain mail        |       |       |    49 ||    49
Dodge: Dodged            |    67 |    61 |    58 ||   186
Block: Buckler           |    27 |    86 |    79 ||   192
       Reflection        |       |       |     1 ||     1

Table legend:
 A = Non-vault XP
 B = Vault XP
 C = Vault XP percentage of total XP
 D = Non-vault monster count
 E = Vault monster count
 F = Vault count percentage of total count
                 A         B        C        D         E       F
            +---------+---------+-------+---------+---------+-------
      Total |    1578 |    1571 |  49.9 |     122 |      27 |  18.1
            +---------+---------+-------+---------+---------+-------
        D:1 |      59 |       0 |   0.0 |      28 |       0 |   0.0
        D:2 |      74 |       0 |   0.0 |      28 |       0 |   0.0
        D:3 |      76 |       0 |   0.0 |      23 |       0 |   0.0
        D:4 |     179 |     172 |  49.0 |      22 |       1 |   4.3
        D:5 |     526 |     394 |  42.8 |      11 |       6 |  35.3
        D:6 |     664 |    1005 |  60.2 |      10 |      20 |  66.7
            +---------+---------+-------+---------+---------+-------
